 Dungeon Crawl Stone Soup version 0.29.1-15-g9cfb28693d (webtiles) character file.

Game seed: 12834876378558012375

39417 protoss039 the Unseen (level 13, 0/80 HPs)
             Began as a Vampire Enchanter on Apr 2, 2023.
             Was a High Priest of Dithmenos.
             Slain by a skeletal warrior
             ... wielding a +0 hand axe
             ... led by a death knight
              (15 damage)
             ... on level 15 of the Dungeon.
             The game lasted 00:47:39 (15685 turns).

protoss039 the Unseen (Vampire Enchanter)          Turns: 15685, Time: 00:47:40

Health: 0/80       AC: 17    Str:  7    XL:     13   Next: 69%
Magic:  15/23      EV: 21    Int: 18    God:    Dithmenos [*****.]
Gold:   880        SH: 15    Dex: 23    Spells: 14/25 levels left

rFire   + . .      SeeInvis +   H - +6 dagger (venom)
rCold   + + +      Faith    .   o - +2 kite shield {AC+3}
rNeg    + + +      Spirit   .   n - +2 robe {rC+ rF+}
rPois   ∞          Reflect  .   R - +0 helmet
rElec   .          Harm     .   M - +2 cloak {rCorr}
rCorr   +          Rampage  .   O - +0 pair of gloves
Will    +....                   S - +0 pair of boots of Negligence {Dex+4} Stlth ****++++++
                                z - amulet of the acrobat
HPRegen 0.00/turn               a - +4 ring of evasion
MPRegen 0.18/turn               b - +4 ring of protection

@: confusing by touch, bloodless, inhibited regen, wreathed by umbra
A: bloodless, fangs 3, see invisible, vampiric 2
a: Bat Form, Revivify, Renounce Religion, Shadow Step, Shadow Form


You were on level 15 of the Dungeon.
You worshipped Dithmenos.
Dithmenos was extremely pleased with you.
You visited 2 branches of the dungeon, and saw 16 of its levels.

You collected 1034 gold pieces.
You spent 154 gold pieces at shops.

Inventory:

Hand Weapons
 v - the +3 hand axe "Jiryheob" {drain, Str+2}
   (You found it on level 4 of the Dungeon)

   A truly terrible weapon, it drains the life of any living foe it strikes.
   Str:       It affects your strength (+2).
 C - a +6 trident of freezing
 G - a +0 broad axe of flaming
 H - a +6 dagger of venom (weapon)
Missiles
 P - a throwing net (quivered)
Armour
 n - a +2 robe of resistance (worn)
 o - a +2 kite shield of protection (worn)
 M - a +2 cloak of preservation (worn)
 O - a +0 pair of gloves (worn)
 R - a +0 helmet (worn)
 S - the +0 pair of boots of Negligence (worn) {Dex+4}
   (You found it on level 12 of the Dungeon)

   Dex:       It affects your dexterity (+4).
Jewellery
 a - a +4 ring of evasion (left hand)
 b - a +4 ring of protection (right hand)
 j - a +6 ring of strength
 z - an amulet of the acrobat (around neck)
 B - a ring of flight
Wands
 k - a wand of light (7)
 r - a wand of mindburst (9)
 E - a wand of roots (23)
 F - a wand of charming (10)
 I - a wand of polymorph (11)
 K - a wand of digging (5)
 L - a wand of flame (5)
Scrolls
 d - 2 scrolls of immolation
 e - 4 scrolls of blinking
 i - a scroll of identify
 m - a scroll of enchant armour {unknown}
 q - 4 scrolls of magic mapping
 t - 6 scrolls of teleportation
 x - 2 scrolls of poison
 y - a scroll of butterflies
 A - 3 scrolls of torment
 Q - a scroll of amnesia {unknown}
 T - a scroll of acquirement {unknown}
Potions
 c - 3 potions of lignification
 g - 3 potions of heal wounds
 h - 4 potions of curing
 l - a potion of haste {unknown}
 p - a potion of magic
 s - a potion of berserk rage {unknown}
 u - 3 potions of ambrosia {unknown}
 w - 2 potions of cancellation {unknown}
 D - 3 potions of mutation
 J - 2 potions of brilliance {unknown}
 N - 2 potions of invisibility
Miscellaneous
 f - a phial of floods


   Skills:
 * Level 9.0 Fighting
 - Level 6.0 Short Blades
 - Level 3.0 Armour
 + Level 7.9 Dodging
 * Level 15.8 Stealth
 * Level 8.9 Shields
 + Level 6.9 Spellcasting
 - Level 3.0 Conjurations
 - Level 9.0 Hexes
 - Level 3.0 Ice Magic
 * Level 8.3 Invocations
 - Level 3.0 Evocations


You had 14 spell levels left.
You knew the following spells:

 Your Spells              Type           Power      Damage    Failure   Level
a - Ensorcelled Hibernat  Hex/Ice        54%        N/A       3%          2
b - Confusing Touch       Hex            38%        N/A       1%          3
c - Tukima's Dance        Hex            38%        N/A       1%          3
d - Dazzling Flash        Conj/Hex       54%        N/A       7%          3

Your spell library contained the following spells:

 Spells                   Type           Power      Damage    Failure   Level
 Summon Guardian Golem    Hex/Summ       22%        N/A       12%         3
 Necrotise                Necr           24%        1d5       26%         1
 Summon Small Mammal      Summ           24%        N/A       26%         1
 Sublimation of Blood     Necr           6%         N/A       36%         2
 Conjure Flame            Conj/Fire      11%        6-21      38%         3
 Leda's Liquefaction      Hex/Erth       11%        N/A       38%         4
 Call Canine Familiar     Summ           6%         N/A       61%         3
 Ignite Poison            Fire/Tmut/Pois 6%         N/A       61%         3
 Vampiric Draining        Necr           6%         2d6       61%         3
 Sticky Flame             Conj/Fire      11%        2d3       80%         4
 Petrify                  Tmut/Erth      6%         N/A       95%         4
 Irradiate                Conj/Tmut      5%         3d13      98%         5
 Agony                    Necr           6%         N/A       100%        5
 Alistair's Intoxication  Tmut/Pois      4%         N/A       100%        5
 Borgnjor's Vile Clutch   Necr/Erth      3%         N/A       100%        5
 Lee's Rapid Deconstruct  Erth           3%         3d6*      100%        5
 Eringya's Noxious Bog    Tmut/Pois      3%         N/A       100%        6
 Statue Form              Tmut/Erth      4%         N/A       100%        6


Dungeon Overview and Level Annotations

Branches:
Dungeon (15/15) Zot: 26745  Temple (1/1) D:5 Zot: 5933    Lair (0/5) D:9
    Orc (0/2) D:11         Vaults (0/5) D:13
 Depths: D:15

Altars:
Ashenzari
Cheibriados
Dithmenos
Fedhas
Gozag
Hepliaklqana
Kikubaaqudgha
Makhleb
Nemelex Xobeh
Okawaru
Qazlal
Ru
Sif Muna
Trog
Uskayaw
Vehumet
Wu Jian
Xom
Yredelemnul

Shops:
D:3 (   D:6 *   D:8 (

Annotations:
D:10 1 runed translucent door, MrClown's ghost, novice DsNe
D:12 exclusion: downstairs
D:13 4 runed translucent doors, exclusion: 4 doors


Innate Abilities, Weirdness & Mutations

You do not regenerate when monsters are visible.
You are frail without blood (-20% HP).
You can heal yourself when you bite living creatures.
You are immune to poison.
You have razor-sharp teeth.
You have supernaturally acute eyesight. (SInv)
You are afflicted with vampirism and can become a bat while bloodless.


Message History

Press: ? - help, Shift-Dir - straight line, f - yaktaur
Aim: a yaktaur, wielding a +0 arbalest (chance to affect: 40%)
The yaktaur looks drowsy...
You block the skeletal warrior's attack.
Casting: Ensorcelled Hibernation (safe; 3% risk of failure)
Confirm with . or Enter, or press ? or * to list all spells.
Your hands begin to glow red.
The skeletal warrior hits you with a +0 hand axe!
You barely miss the skeletal warrior. Your bite misses the skeletal warrior.
The skeletal warrior is lightly damaged.
You block the skeletal warrior's attack.
The skeletal warrior misses you.
You hit the skeletal warrior but do no damage.
You hit the skeletal warrior but do no damage.
The skeletal warrior hits you with a +0 hand axe!
You hit the skeletal warrior but do no damage.
You bite the skeletal warrior, but do no damage.
You block the skeletal warrior's attack.
You hit the skeletal warrior but do no damage.
The skeletal warrior misses you.
You hit the skeletal warrior but do no damage.
You block the skeletal warrior's attack.
You closely miss the skeletal warrior. Your bite misses the skeletal warrior.
You block the skeletal warrior's attack.
You hit the skeletal warrior but do no damage.
You bite the skeletal warrior, but do no damage.
You barely miss the skeletal warrior.
Your shadow barely misses the skeletal warrior.
You block the skeletal warrior's attack.
You hit the skeletal warrior but do no damage.
You hear the loud beating of a very distant drum.
You block the skeletal warrior's attack.
You hit the skeletal warrior but do no damage.
The skeletal warrior hits you with a +0 hand axe!
* * * LOW HITPOINT WARNING * * *
Unknown command.
You hit the skeletal warrior but do no damage.
Your shadow closely misses the skeletal warrior.
The skeletal warrior hits you with a +0 hand axe!
You die...

#...# #...# ###...#
#...# ......# #...#
###...# #...# #...#
#...# # #.).# #...# #
# #))c# #...######.#
###...####.....z)...#
.).))...c......)@...#
########..###########
#..# #..# #..# #..#
#..# #####..#
###......#


You could see a skeletal warrior.

Vanquished Creatures
  Kirke (D:13)
  An ironbound preserver (D:13)
  A hydra (D:13)
  6 centaur warriors
  2 boulder beetles (D:14)
  A death knight (D:15)
  3 two-headed ogres
  3 tengu warriors
  A sixfirhy (D:13)
  A skeletal warrior (D:15)
  3 deep elf pyromancers
  4 cyclopes
  5 manticores
  9 ugly things
  Joseph (D:7)
  Maurice (D:10)
  A rust devil (D:14)
  2 orange demons (D:14)
  2 gargoyles
  An efreet (D:14)
  An unseen horror (D:11)
  2 freezing wraiths
  A yaktaur (D:15)
  Maggie (D:7)
  4 komodo dragons
  Psyche (D:8)
  2 tengu conjurers
  2 polar bears (shapeshifter) (D:14)
  A red devil (D:14)
  6 trolls
  A hornet (D:10)
  Prince Ribbit (D:7)
  Sigmund (D:2)
  A water elemental (D:12)
  3 shadows
  4 hogs (D:13)
  3 wraiths
  4 wyverns
  Eustachio (D:5)
  2 basilisks
  A neqoxec (D:14)
  Grum (D:10)
  2 vampire mosquitoes
  A dancing weapon (D:12)
  3 chaos spawn
  Menkaure (D:5)
  3 steam dragons
  An acid dragon (D:14)
  A water moccasin (D:7)
  Duvessa (D:7)
  An ice beast (D:6)
  5 orc warriors
  2 sky beasts
  14 centaurs
  4 wolves (D:10)
  3 phantoms
  Blork the orc (D:6)
  2 bullfrogs
  2 necrophages
  A gnoll sergeant (D:12)
  4 scorpions
  5 wights
  Dowan (D:7)
  11 killer bees
  6 electric eels (D:12)
  5 howler monkeys
  5 orc priests
  Crazy Yiuf (D:2)
  6 hounds
  5 jellies
  2 gnoll boudas
  3 iguanas
  Jessica (D:3)
  Ijyb (D:4)
  Natasha (thrice) (D:3)
  12 orc wizards
  5 adders
  16 gnolls
  A shadow imp (D:5)
  A white imp (D:7)
  3 dart slugs
  A worm (D:2)
  34 orcs
  5 ball pythons
  7 bats
  10 endoplasms
  5 goblins
  9 hobgoblins
  4 jackals (D:4)
  4 kobolds
  4 quokkas
  3 frilled lizards
  7 rats
331 creatures vanquished.

Vanquished Creatures (collateral kills)
  2 two-headed ogres
  A vampire mosquito (D:10)
  A gnoll sergeant (D:9)
  2 wights
  2 howler monkeys (D:9)
  3 gnolls
11 creatures vanquished.

Vanquished Creatures (others)
  A wraith (D:7)
  3 dancing weapons
  2 vampire mosquitoes (D:10)
  A sky beast (D:7)
  A wight (D:9)
  2 gnolls (D:9)
  A demonic plant (D:14)
11 creatures vanquished.

Grand Total: 353 creatures vanquished

Notes
Turn   | Place    | Note
-------+----------+-------------------------------------------
     0 | D:1      | protoss039 the Vampire Enchanter began the quest for the
                  | Orb.
     0 | D:1      | Reached XP level 1. HP: 13/13 MP: 3/3
   107 | D:1      | Reached XP level 2. HP: 3/16 MP: 5/5
   109 | D:1      | Found a faded altar of an unknown god.
   337 | D:1      | Learned a level 2 spell: Ensorcelled Hibernation
   345 | D:1      | Reached skill level 5 in Stealth
   594 | D:1      | Gained mutation: You are afflicted with vampirism and can
                  | become a bat while bloodless. [Vampire growth]
   594 | D:1      | Reached XP level 3. HP: 15/20 MP: 4/6
   908 | D:1      | Learned a level 3 spell: Confusing Touch
   909 | D:2      | Noticed Sigmund
  1035 | D:2      | Killed Sigmund
  1036 | D:2      | Reached skill level 1 in Fighting
  1036 | D:2      | Reached skill level 6 in Stealth
  1036 | D:2      | Reached skill level 5 in Hexes
  1036 | D:2      | Reached XP level 4. HP: 17/25 MP: 4/8
  1036 | D:2      | Reached XP level 5. HP: 20/29 MP: 4/9
  1044 | D:2      | Learned a level 3 spell: Tukima's Dance
  1376 | D:2      | Found a runed translucent door.
  1377 | D:2      | Noticed Crazy Yiuf
  2187 | D:2      | Killed Crazy Yiuf
  2363 | D:3      | Found Savammy's Antique Weapon Boutique.
  2432 | D:3      | Noticed Natasha
  2437 | D:3      | Killed Natasha
  2437 | D:3      | Noticed Natasha
  2438 | D:3      | Reached XP level 6. HP: 35/35 MP: 5/10
  2448 | D:3      | Killed Natasha
  2449 | D:3      | Reached skill level 7 in Stealth
  2531 | D:3      | Noticed Natasha
  2535 | D:3      | Killed Natasha
  2595 | D:3      | Identified the +0 leather armour "Anyduu" {rC+}
  2641 | D:3      | Noticed Jessica
  2657 | D:3      | Killed Jessica
  3319 | D:4      | Noticed Ijyb
  3323 | D:4      | Killed Ijyb
  3602 | D:4      | Identified the +3 hand axe "Jiryheob" {drain, Str+2}
  3954 | D:4      | Reached skill level 1 in Evocations
  3954 | D:4      | Reached XP level 7. HP: 40/40 MP: 2/11
  4108 | D:4      | Reached skill level 1 in Shields
  4200 | D:4      | Reached skill level 1 in Ice Magic
  4381 | D:5      | Entered Level 5 of the Dungeon
  4382 | D:5      | Found an opulent altar of Gozag.
  4678 | D:5      | Noticed Menkaure
  4809 | D:5      | Noticed Eustachio
  5118 | D:5      | Reached skill level 8 in Stealth
  5190 | D:5      | Found a staircase to the Ecumenical Temple.
  5195 | Temple   | Entered the Ecumenical Temple
  5241 | Temple   | Became a worshipper of Dithmenos the Shadowed
  5327 | D:5      | Killed Eustachio
  5328 | D:5      | Reached XP level 8. HP: 46/46 MP: 12/12
  5407 | D:5      | Killed Menkaure
  5408 | D:5      | Reached skill level 1 in Invocations
  5625 | D:6      | Reached skill level 1 in Armour
  5839 | D:6      | Found Nurhauhic's General Store.
  5842 | D:6      | Bought a scroll of teleportation for 33 gold pieces
  5842 | D:6      | Bought a scroll of teleportation for 33 gold pieces
  5842 | D:6      | Bought a potion of magic for 88 gold pieces
  5975 | D:6      | Reached skill level 9 in Stealth
  6137 | D:6      | Noticed Blork the orc
  6144 | D:6      | Killed Blork the orc
  6191 | D:7      | Noticed Maggie
  6200 | D:7      | Killed Maggie
  6201 | D:7      | Reached XP level 9. HP: 51/52 MP: 14/14
  6318 | D:7      | Reached * piety under Dithmenos
  6332 | D:7      | Noticed Joseph
  6430 | D:7      | Killed Joseph
  6659 | D:7      | Noticed a cyclops
  6710 | D:7      | Killed a cyclops
  6711 | D:7      | Reached skill level 10 in Stealth
  7326 | D:7      | Noticed Duvessa
  7328 | D:7      | Noticed Dowan
  7343 | D:7      | Killed Duvessa
  7344 | D:7      | Reached skill level 5 in Fighting
  7344 | D:7      | Reached skill level 5 in Dodging
  7345 | D:7      | Killed Dowan
  7506 | D:7      | Noticed a gargoyle
  7506 | D:7      | Noticed a troll
  7506 | D:7      | Noticed a komodo dragon
  7506 | D:7      | Noticed a white ugly thing
  7507 | D:7      | Noticed Prince Ribbit
  7507 | D:7      | Noticed a deep elf pyromancer
  7515 | D:7      | Killed a gargoyle
  7515 | D:7      | Killed a troll
  7515 | D:7      | Killed a komodo dragon
  7515 | D:7      | Killed Prince Ribbit
  7516 | D:7      | Reached skill level 11 in Stealth
  7516 | D:7      | Reached skill level 5 in Shields
  7516 | D:7      | Reached XP level 10. HP: 48/59 MP: 10/16
  7524 | D:7      | Killed a green ugly thing
  7524 | D:7      | Reached ** piety under Dithmenos
  7542 | D:7      | Killed a deep elf pyromancer
  7926 | D:8      | Found Sineec's Antique Weapon Boutique.
  8031 | D:8      | Noticed Psyche
  8038 | D:8      | Killed Psyche
  8259 | D:8      | Found a hide-covered altar of Uskayaw.
  8409 | D:9      | Noticed a cyclops
  8429 | D:9      | Killed a cyclops
  8430 | D:9      | Reached skill level 5 in Spellcasting
  8430 | D:9      | Reached skill level 5 in Invocations
  8703 | D:9      | Reached skill level 12 in Stealth
  8709 | D:9      | Reached XP level 11. HP: 64/64 MP: 18/18
  8712 | D:9      | Found a staircase to the Lair.
  9142 | D:9      | Reached *** piety under Dithmenos
  9490 | D:10     | Entered Level 10 of the Dungeon
  9495 | D:10     | Noticed MrClown's ghost (novice DsNe)
  9502 | D:10     | Found a runed translucent door.
  9794 | D:10     | Noticed a two-headed ogre
  9806 | D:10     | Killed a two-headed ogre
  9874 | D:10     | Found a shimmering blue altar of Sif Muna.
  9893 | D:10     | Noticed Maurice
  9901 | D:10     | Killed Maurice
 10160 | D:10     | Noticed Grum
 10187 | D:10     | Killed Grum
 10703 | D:10     | Learned a level 3 spell: Dazzling Flash
 10773 | D:11     | Reached skill level 13 in Stealth
 10964 | D:11     | Noticed a centaur warrior
 11007 | D:11     | Killed a centaur warrior
 11098 | D:11     | Noticed a two-headed ogre
 11105 | D:11     | Killed a two-headed ogre
 11120 | D:11     | Found a staircase to the Orcish Mines.
 11123 | D:11     | Noticed a green ugly thing
 11130 | D:11     | Killed a green ugly thing
 11148 | D:11     | Reached skill level 1 in Conjurations
 11244 | D:11     | Reached XP level 12. HP: 72/72 MP: 20/20
 11391 | D:11     | Reached **** piety under Dithmenos
 11916 | D:12     | Noticed a two-headed ogre
 11934 | D:12     | Killed a two-headed ogre
 12802 | D:12     | Identified the +0 pair of boots of Negligence {Dex+4}
 12944 | D:13     | Noticed a boulder beetle
 12987 | D:13     | Noticed a tengu warrior
 12989 | D:13     | Killed a tengu warrior
 12996 | D:13     | Noticed a centaur warrior
 13016 | D:13     | Killed a centaur warrior
 13017 | D:13     | Reached skill level 5 in Short Blades
 13027 | D:13     | Reached skill level 14 in Stealth
 13175 | D:13     | Found a huge runed translucent gate.
 13175 | D:13     | Found a huge runed translucent gate.
 13175 | D:13     | Found a huge runed translucent gate.
 13175 | D:13     | Found a huge runed translucent gate.
 13175 | D:13     | Noticed a death yak
 13184 | D:13     | Noticed a tengu warrior
 13191 | D:13     | Killed a tengu warrior
 13289 | D:13     | Noticed a centaur warrior
 13297 | D:13     | Killed a centaur warrior
 13396 | D:13     | Noticed Kirke
 13404 | D:13     | Killed Kirke
 13534 | D:13     | Found a gate to the Vaults.
 13534 | D:13     | Noticed an ironbound preserver
 13541 | D:13     | Noticed a seven-headed hydra
 13576 | D:13     | Noticed a two-headed ogre
 13630 | D:13     | Killed a two-headed ogre
 14050 | D:13     | Killed an ironbound preserver
 14061 | D:13     | Killed a five-headed hydra
 14062 | D:13     | Reached XP level 13. HP: 37/78 MP: 15/22
 14828 | D:14     | Reached skill level 15 in Stealth
 15427 | D:15     | Entered Level 15 of the Dungeon
 15453 | D:15     | Reached ***** piety under Dithmenos
 15685 | D:15     | Slain by a skeletal warrior

Illustrated notes

Levels and vault maps discovered:
D:1:      saegor_arrival_simple_b, layout_loops_ring, basic_ecumenical_altar,
          minmay_tetromino_o4
D:2:      layout_basic, grunt_ministairs_11, uniq_crazy_yiuf_cottage,
          uniq_sigmund
D:3:      layout_loops_ring, serial_shops, nicolae_square_shop, uniq_natasha,
          uniq_jessica
D:4:      layout_loops_corners, corexii_checkpoint_a, hangedman_minor_gate_pass,
          uniq_ijyb
D:5:      layout_cave_pods, mainiacjoe_overflow_tiny_flanked,
          minmay_temple_entry_nine_rooms, uniq_menkaure, uniq_eustachio
D:6:      layout_rooms, serial_shops, kennysheep_mini_moat,
          minmay_misc_feat_rows, kennysheep_potato, uniq_blork_the_orc
D:7:      minmay_the_grid_octo_triangle [minmay_the_grid_octo_odd_swirl,
          minmay_the_grid_octo_prize_big_c, minmay_the_grid_octo_teeth],
          layout_loops_ring, hangedman_decor_points, uniq_prince_ribbit1,
          uniq_duvessa, uniq_maggie, uniq_joseph
D:8:      layout_cave_pools, mainiacjoe_overflow_alcove_2, serial_shops,
          nicolae_shop_trees, uniq_psyche
D:9:      layout_irregular_city, erik_lair_dragon
D:10:     layout_cave_pods, nicolae_sif_muna_condensation, enter_bailey_2,
          hellmonk_ghost_happy_afterlife, uniq_maurice, uniq_grum
D:11:     layout_long_grid, david_orc_3
D:12:     layout_basic
D:13:     lemuel_bear_cage, layout_stronghold, skrybe_vaults_entry_preservation,
          nicolae_fountain_basement, uniq_kirke
D:14:     layout_big_octagon, nicolae_eternal_life,
          portal_ice_cave_entry_horrid_things, serial_demonic, serial_demonic_g,
          serial_demonic_d, serial_demonic_g, serial_demonic_e, serial_demonic_c
D:15:     grunt_enter_depths_hoard, layout_small_grid, enter_trove_6,
          gauntlet_entry_generic, chequers_serial_rivers_room_a,
          grunt_ministairs_15, minmay_curled_crystal
Temple:   hellmonk_temple_of_storms

Skill      XL: |  1  2  3  4  5  6  7  8  9 10 11 12 13 |
---------------+----------------------------------------+-----
Stealth        | 5 6 7 8 9 11 12 13 14 15 | 15.8
Fighting       | 1 2 3 4 5 6 7 8 9 |  9.0
Short Blades   | 2 3 4 5 6 |  6.0
Dodging        | 3 4 5 6 7 |  7.9
Hexes          | 5 6 7 8 9 |  9.0
Spellcasting   | 3 4 5 6 |  6.9
Evocations     | 1 2 3 |  3.0
Shields        | 2 3 5 7 8 |  8.9
Ice Magic      | 1 2 3 |  3.0
Invocations    | 2 4 5 6 7 8 |  8.3
Armour         | 1 2 3 |  3.0
Conjurations   | 1 2 3 |  3.0

Action                   |  1- 3 |  4- 6 |  7- 9 | 10-12 | 13-15 || total
-------------------------+-------+-------+-------+-------+-------++-------
Melee: Dagger            |    76 |    60 |   230 |   347 |   152 ||   865
       Bite              |     5 |     5 |    26 |    39 |    22 ||    97
       Punch             |     2 |       |       |       |       ||     2
       Whip              |       |     3 |       |       |       ||     3
       Broad axe         |       |       |       |    11 |       ||    11
       Hand axe          |       |       |       |     2 |       ||     2
 Cast: Ensorcelled Hiber |    10 |    25 |    45 |    76 |    46 ||   202
       Confusing Touch   |       |     1 |    18 |    24 |    14 ||    57
       Tukima's Dance    |       |       |     3 |    16 |     1 ||    20
       Dazzling Flash    |       |       |       |     5 |       ||     5
Invok: Shadow Step       |       |       |       |     2 |       ||     2
 Abil: Exsanguinate      |     1 |       |       |       |       ||     1
Evoke: Wand              |       |       |    15 |    24 |       ||    39
       Phial of floods   |       |       |     1 |     1 |       ||     2
  Use: Potion            |     2 |     1 |       |     1 |     1 ||     5
       Scroll            |       |       |    12 |     4 |     5 ||    21
 Stab: Sleeping          |    21 |    37 |    42 |   101 |    28 ||   229
       Invisible         |     1 |       |     1 |     5 |       ||     7
       Confused          |       |       |    14 |    14 |    13 ||    41
       Distracted        |       |       |     1 |     1 |       ||     2
Armor: Robe              |     5 |    11 |    65 |   123 |    35 ||   239
Dodge: Dodged            |    26 |    22 |    72 |   374 |   114 ||   608
Block: Kite shield       |       |     7 |    99 |   355 |   130 ||   591
